 Dungeon Crawl Stone Soup version 0.20.1-1-g8b1a95d (webtiles) character file.

105 Gremour the Slasher (level 4, -1/35 HPs)
             Began as a Demonspawn Fighter on Dec 1, 2017.
             Slain by Grinder (4 damage)
             ... while paralysed by Grinder
             ... on level 3 of the Dungeon.
             The game lasted 00:07:45 (1939 turns).

Gremour the Slasher (Demonspawn Fighter)            Turns: 1939, Time: 00:07:46

Health: -1/35      AC:  8    Str: 17    XL:     4   Next: 54%
Magic:  4/4        EV:  2    Int:  9    God:
Gold:   56         SH:  0    Dex: 13    Spells: 3/3 levels left

rFire    . . .     SeeInvis .   a - +0 long sword
rCold    + + .     Gourm    .   c - +0 shield
rNeg     . . .     Faith    .   g - +0 scale mail (curse)
rPois    .         Spirit   .   (no helmet)
rElec    .         Reflect  .   (no cloak)
rCorr    .         Harm     .   (no gloves)
MR       .....                  (no boots)
Stlth    ..........             (no amulet)
Regen    0.2/turn               b - ring of protection from cold
MPRegen  0.1/turn               (no ring)

@: paralysed
A: slimy green scales 1, cold resistance 1
a: no special abilities


You were on level 3 of the Dungeon.
You were not hungry.

You visited 1 branch of the dungeon, and saw 3 of its levels.

You collected 56 gold pieces.

Inventory:

Hand Weapons
 a - a +0 long sword (weapon)
Armour
 c - a +0 shield (worn)
 g - a cursed +0 scale mail (worn)
Jewellery
 b - a ring of protection from cold (left hand)
Scrolls
 e - 2 scrolls of identify
 l - a scroll of teleportation
Potions
 d - a potion of might
 h - a potion of haste
 i - 3 potions of curing {unknown}
 j - 2 potions of flight {unknown}
 k - 2 potions of lignification {unknown}
 n - a potion of brilliance {unknown}
Comestibles
 f - 2 bread rations
 m - a fruit


   Skills:
 - Level 3.0 Fighting
 + Level 4.4 Long Blades
 - Level 2.6 Armour
 - Level 2.6 Shields


You had 3 spell levels left.
You didn't know any spells.

Dungeon Overview and Level Annotations

Branches:
Dungeon (3/15)

Altars:
Sif Muna

Annotations:
D:3 Grinder; Lanoc's ghost, amateur DrWn


Innate Abilities, Weirdness & Mutations

You are partially covered in slimy green scales. (AC +2)
Your flesh is cold resistant. (rC+)


Message History

You suddenly lose the ability to move!
Grinder hits you but does no damage. Grinder gestures at you.
You shrug off the repeated paralysis!
You can move again.
You hit Grinder but do no damage. Grinder gestures at you.
You shrug off the repeated paralysis!
Grinder hits you but does no damage.
You barely miss Grinder. Grinder hits you.
Grinder says, "FISH!"
Grinder gestures at you.
You suddenly lose the ability to move!
Grinder hits you but does no damage. Grinder hits you!
You writhe in agony.
Grinder gestures at you. Pain shoots through your body!
* * * LOW HITPOINT WARNING * * *
Grinder hits you.
You die...

.###................
#...........#..###
#..........###...
#...........#....
#.........#...# .
#........#.#..#
........##....#?#
###.#....?.#5.#
#.#..#...@#.#
#.#..#...........
#.....#........
##.##...#...##.# ...
....###.# # ###
###... ... ##.# .###
#.#


You could see Grinder.

Vanquished Creatures
  4 adders (D:2)
  3 worms (D:2)
  4 dart slugs
  4 leopard geckos
  2 ball pythons
  3 bats
  2 giant cockroaches
  6 goblins
  6 hobgoblins
  9 kobolds
  7 rats
50 creatures vanquished.

Notes
Turn   | Place    | Note
-------+----------+-------------------------------------------
     0 | D:1      | Gremour the Demonspawn Fighter began the quest for the Orb.
     0 | D:1      | Reached XP level 1. HP: 18/18 MP: 1/1
    75 | D:1      | Reached skill level 2 in Long Blades
   213 | D:1      | Gained mutation: Your flesh is cold resistant. (rC+) [demonic ancestry]
   213 | D:1      | Reached XP level 2. HP: 16/24 MP: 2/2
   615 | D:1      | Reached skill level 3 in Long Blades
   732 | D:2      | Found a deep blue altar of Sif Muna.
   780 | D:2      | Gained mutation: You are partially covered in slimy green scales. (AC +2) [demonic ancestry]
   780 | D:2      | Reached XP level 3. HP: 25/29 MP: 3/3
  1073 | D:2      | Reached skill level 4 in Long Blades
  1073 | D:2      | Reached XP level 4. HP: 29/35 MP: 4/4
  1611 | D:3      | Noticed Lanoc's ghost (amateur DrWn)
  1921 | D:3      | Noticed Grinder
  1924 | D:3      | Paralysed by Grinder for 4 turns
  1934 | D:3      | Paralysed by Grinder for 7 turns
  1939 | D:3      | Slain by Grinder

Skill      XL: |  1  2  3 |
---------------+----------+-----
Long Blades    | 2 3 4 |  4.4
Fighting       | |  3.0
Armour         | |  2.6
Shields        | |  2.6

Action                   |  1- 3 |  4- 6 || total
-------------------------+-------+-------++-------
Melee: Long sword        |   132 |    45 ||   177
  Use: Scroll            |     3 |     1 ||     4
  Eat: Chunk             |     1 |     1 ||     2
       Meat ration       |       |     1 ||     1
Armor: Scale mail        |    59 |    24 ||    83
Dodge: Dodged            |    41 |    10 ||    51
Block: Shield            |    69 |    21 ||    90
       Rpst.: Long sword |    16 |     3 ||    19
